 Dungeon Crawl Stone Soup version 0.29-a0-330-g52719c12eb (webtiles) character file.

Game seed: 15813020595572255338

340 jmlagarto the Skirmisher (level 6, -10/56 HPs)
             Began as a Hill Orc Abyssal Knight on Apr 13, 2022.
             Was a Believer of Lugonu.
             Mangled by Menkaure (21 damage)
             ... on level 4 of the Dungeon.
             The game lasted 00:05:05 (3693 turns).

jmlagarto the Skirmisher (Hill Orc Abyssal Knight)  Turns: 3693, Time: 00:05:06

Health: -10/56     AC:  6    Str: 18    XL:     6   Next: 56%
Magic:  9/9        EV: 10    Int: 10    God:    Lugonu [**....]
Gold:   124        SH:  4    Dex: 11    Spells: 5/5 levels left

rFire   . . .      SeeInvis .   c - +2 dagger (venom)
rCold   . . .      Faith    .   i - +0 buckler
rNeg    . . .      Spirit   .   d - +0 ring mail
rPois   .          Reflect  .   (no helmet)
rElec   .          Harm     .   (no cloak)
rCorr   .          Rampage  .   o - +0 pair of gloves
Will    .....                   (no boots)
Stlth   +.........              (no amulet)
HPRegen 0.18/turn               (no ring)
MPRegen 0.11/turn               (no ring)

@: no status effects
A: no striking features
a: Renounce Religion, Depart the Abyss, Bend Space


You were on level 4 of the Dungeon.
You worshipped Lugonu.
Lugonu was pleased with you.
You visited 1 branch of the dungeon, and saw 4 of its levels.
You visited the Abyss 1 time.

You collected 124 gold pieces.

Inventory:

Hand Weapons
 a - a +1 hand axe
 c - a +2 dagger of venom (weapon)
 m - a +2 whip of freezing
Armour
 b - a +0 leather armour
 d - a +0 ring mail (worn)
 i - a +0 buckler (worn)
 o - a +0 pair of gloves (worn)
Wands
 p - a wand of polymorph (8)
Scrolls
 g - a scroll of fear
 j - a scroll of blinking
 l - 3 scrolls of enchant armour
 n - a scroll of fog {unknown}
 q - a scroll of torment {unknown}
 t - a scroll of teleportation {unknown}
Potions
 e - a potion of might {unknown}
 f - 5 potions of heal wounds
 r - a potion of flight {unknown}
 s - a potion of curing {unknown}


   Skills:
 + Level 5.0 Fighting
 + Level 2.1 Short Blades
 - Level 3.0 Axes
 + Level 3.6 Armour
 + Level 2.2 Dodging
 + Level 2.0 Shields
 + Level 4.2 Invocations


You had 5 spell levels left.
You didn't know any spells.
Your spell library contained the following spells:

 Spells                   Type           Power      Damage    Failure   Level
 Ensorcelled Hibernation  Hex/Ice        0%         N/A       78%         2
 Passwall                 Tmut/Erth      0%         N/A       78%         2
 Gell's Gravitas          Tloc           0%         N/A       95%         3
 Lesser Beckoning         Tloc           0%         N/A       95%         3
 Swiftness                Air            0%         N/A       95%         3
 Teleport Other           Tloc           0%         N/A       95%         3


Dungeon Overview and Level Annotations

Branches:
Dungeon (4/15)
 Temple: D:4-7

Altars:
Fedhas
Makhleb
Qazlal
Sif Muna
Uskayaw
Yredelemnul
The Shining One

Annotations:
D:4 Menkaure


Message History

You hit Menkaure but do no damage.
Menkaure gestures wildly while chanting.
Menkaure seems to speed up.
You hit Menkaure but do no damage. Menkaure misses you.
You barely miss Menkaure. Menkaure hits you!
You hit Menkaure.
Menkaure is lightly damaged.
Menkaure barely misses you.
You closely miss Menkaure.
Menkaure is lightly damaged.
Menkaure calls on the powers of darkness!
Your body is wracked with pain!
You hit Menkaure.
Menkaure is lightly damaged.
Menkaure casts a spell at you.
You barely resist.
Menkaure calls on the powers of darkness!
Your body is wracked with pain!
* * * LOW HITPOINT WARNING * * *
You feel much better. Menkaure hits you.
You barely miss Menkaure.
Menkaure is lightly damaged.
Menkaure barely misses you.
You barely miss Menkaure.
Menkaure is lightly damaged.
Menkaure misses you.
You hit Menkaure but do no damage.
Menkaure is lightly damaged.
Menkaure hits you.
You hit Menkaure but do no damage.
Menkaure is lightly damaged.
Menkaure hits you.
You hit Menkaure.
Menkaure is moderately damaged.
Menkaure hits you!
* * * LOW HITPOINT WARNING * * *
You hit Menkaure.
Menkaure is moderately damaged.
Menkaure hits you!!
You die...

#.# #### #.. ...
#.# .. #.# .#
#.###.###...
#.#.@.......
#.#.#M###.#.
#######.#.#.###.
#................
#..............[#
#...#####..###.##
##..# #........
#..# ##..## ##
#..# ..#


You could see Menkaure (fast).

Vanquished Creatures
  Sigmund (D:3)
  A hound (D:3)
  2 iguanas
  A gnoll (D:1)
  2 adders
  A worm (D:2)
  A dart slug (D:1)
  3 bats (D:1)
  6 endoplasms
  4 giant cockroaches
  3 goblins (D:1)
  6 hobgoblins
  4 jackals (D:1)
  7 kobolds
  3 quokkas
  4 ball pythons
  2 frilled lizards (D:1)
  6 rats
57 creatures vanquished.

Notes
Turn   | Place    | Note
-------+----------+-------------------------------------------
     0 | Abyss:1  | jmlagarto the Hill Orc Abyssal Knight began the quest for
                  | the Orb.
     0 | Abyss:1  | Reached XP level 1. HP: 19/19 MP: 2/2
    64 | Abyss:1  | Noticed a yellow draconian annihilator
    72 | Abyss:1  | Noticed a small abomination
    82 | D:1      | Escaped the Abyss
   525 | D:1      | Reached skill level 1 in Dodging
   525 | D:1      | Reached XP level 2. HP: 27/27 MP: 3/3
   685 | D:1      | Reached ** piety under Lugonu
   763 | D:1      | Found a faded altar of an unknown god.
   842 | D:1      | Reached XP level 3. HP: 30/33 MP: 5/5
   929 | D:1      | Reached skill level 4 in Fighting
  1782 | D:2      | Reached skill level 1 in Short Blades
  1782 | D:2      | Reached XP level 4. HP: 36/40 MP: 6/6
  2304 | D:3      | Found a glowing golden altar of the Shining One.
  2304 | D:3      | Found a stormy altar of Qazlal.
  2344 | D:3      | Found a hide-covered altar of Uskayaw.
  2474 | D:3      | Noticed Sigmund
  2632 | D:3      | Found a blossoming altar of Fedhas.
  2771 | D:3      | Found a shimmering blue altar of Sif Muna.
  2957 | D:3      | Found a burning altar of Makhleb.
  2984 | D:3      | Found a basalt altar of Yredelemnul.
  3032 | D:3      | Killed Sigmund
  3033 | D:3      | Reached skill level 1 in Shields
  3033 | D:3      | Reached XP level 5. HP: 41/47 MP: 6/8
  3033 | D:3      | Reached XP level 6. HP: 48/55 MP: 6/9
  3673 | D:4      | Noticed Menkaure
  3680 | D:4      | Reached skill level 5 in Fighting
  3693 | D:4      | Mangled by Menkaure

Illustrated notes

Levels and vault maps discovered:
D:1:      wander_arrival_peaceful_grave, layout_loops_cross,
          ebering_ecumenical_altar_abandoned
D:2:      layout_rooms
D:3:      layout_basic, mainiacjoe_overflow_concentric_impassable,
          gammafunk_temple_overflow_forgotten, marbit_many_paths,
          mainiacjoe_overflow_two_lobes, chequers_serial_rivers_small_3,
          uniq_sigmund
D:4:      layout_loops_ring, kennysheep_vampire_church,
          nemelex_dance_club_becter, serial_shops, nicolae_stop_n_shop_1, shop,
          kennysheep_mini, kennysheep_nondescript, uniq_pikel, uniq_ijyb,
          uniq_robin, uniq_menkaure

Skill      XL: |  1  2  3  4  5  6 |
---------------+-------------------+-----
Dodging        | 1 2 |  2.2
Axes           | 3 |  3.0
Fighting       | 4 5 |  5.0
Invocations    | 3 4 |  4.2
Short Blades   | 1 2 |  2.1
Armour         | 3 |  3.6
Shields        | 1 2 |  2.0

Action                   |  1- 3 |  4- 6 || total
-------------------------+-------+-------++-------
Melee: Hand axe          |    17 |       ||    17
       Dagger            |    83 |    77 ||   160
       Punch             |     1 |       ||     1
       Unarmed           |       |     4 ||     4
Invok: Depart the Abyss  |     1 |       ||     1
  Use: Scroll            |       |     4 ||     4
       Potion            |       |     2 ||     2
Armor: Leather armour    |    11 |       ||    11
       Ring mail         |    19 |    14 ||    33
Dodge: Dodged            |    45 |    40 ||    85
Block: Buckler           |     2 |    12 ||    14

Table legend: (Time is in decaauts)
 A = Elapsed time spent in this place.
 B = Non-inter-level travel time spent in this place.
 C = Inter-level travel time spent in this place.
 D = Time resting spent in this place.
 E = Time spent auto-exploring this place.
 F = Levels seen in this place.
 G = Mean time per level.
                   A        B        C        D        E       F      G
               +--------+--------+--------+--------+--------+-----+--------+
         Total |   3698 |   3538 |    160 |    395 |   2710 |   5 |  739.6 |
       Dungeon |   3614 |   3454 |    160 |    395 |   2646 |   4 |  903.5 |
         Abyss |     83 |     83 |      0 |      0 |     64 |   1 |   83.0 |
               +--------+--------+--------+--------+--------+-----+--------+

Top non-repeatable levels by time:
     D:1: 1562 daAuts
     D:3: 1315 daAuts
     D:2: 698 daAuts
 Abyss:1: 83 daAuts
     D:4: 38 daAuts
